 Dungeon Crawl Stone Soup version 0.16.2-12-gd0ad4c3 (webtiles) character file.

1264 xXeoN the Shield-Bearer (level 8, -1/70 HPs)
             Began as a Minotaur Fighter on Oct 13, 2015.
             Slain by an orc wizard
             ... wielding a +0 dagger
              (2 damage)
             ... on level 6 of the Dungeon.
             The game lasted 00:33:31 (5539 turns).

xXeoN the Shield-Bearer (Minotaur Fighter)          Turns: 5539, Time: 00:33:31

Health: -1/70      AC:  2    Str: 31    XL:     8   Next: 27%
Magic:  3/3        EV:  8    Int:  0    God:
Gold:   260        SH: 17    Dex: 11    Spells: 0 memorised, 7 levels left

rFire  . . .     SeeInvis .     a - +3 trident
rCold  . . .     Clarity  .     E - -3 leather armour of the Three Lies {rElec rN+ MR+ Str+4 Int-5} (curse)
rNeg   + . .     SustAb   .     s - +0 large shield
rPois  .         Gourm    .     (helmet restricted)
rElec  +         Spirit   .     (no cloak)
rCorr  .         Warding  .     j - +0 pair of gloves
rMut   .         Stasis   .     (no boots)
MR     +....                    G - amulet of rage
Stlth  ..........               (no ring)
                                q - ring of loudness (curse)

@: mighty, lost intelligence, very slow, somewhat resistant to hostile
enchantments, extremely unstealthy
A: retaliatory headbutt, horns 2
a: Evoke Berserk Rage


You were on level 6 of the Dungeon.
You were very full.

You visited 2 branches of the dungeon, and saw 7 of its levels.

You collected 260 gold pieces.

Inventory:

Hand weapons
 a - a +3 trident (weapon)
 i - a +1 whip of freezing
 o - a +0 hunting sling
 p - a +0 hunting sling
 t - a +0 giant club
Missiles
 m - 2 tomahawks (quivered)
Armour
 b - a +0 scale mail
 c - a +0 shield
 g - a +0 chain mail
 j - a +0 pair of gloves (worn)
 k - a +0 scale mail
 s - a +0 large shield (worn)
 E - the cursed -3 leather armour of the Three Lies (worn) {rElec rN+ MR+ Str+4 Int-5}
   (You found it on level 5 of the Dungeon)

   It affects your strength (+4).
   It affects your intelligence (-5).
   It insulates you from electricity.
   It protects you from negative energy.
   It affects your resistance to hostile enchantments.
   It has a curse placed upon it.
Jewellery
 q - a cursed ring of loudness (left hand)
 D - a +5 ring of dexterity {unknown}
 G - an amulet of rage (around neck)
Magical devices
 d - a wand of random effects (24)
Scrolls
 e - 3 scrolls of identify
 h - 3 scrolls of teleportation
 n - a scroll of random uselessness
 r - a scroll of remove curse
 v - a scroll of acquirement {unknown}
 x - a scroll of amnesia
 y - 2 scrolls of fear {unknown}
 A - a scroll of magic mapping {unknown}
 B - a scroll of enchant armour {unknown}
 F - a scroll of torment {unknown}
Potions
 l - a potion of curing
 u - a potion of cancellation
 z - a potion of haste
 C - a potion of restore abilities
Comestibles
 w - 3 meat rations


   Skills:
 * Level 5.9 Fighting
 * Level 6.1 Polearms
 * Level 3.8 Slings
 + Level 0.4(2.1) Throwing
 + Level 6.2 Armour
 + Level 2.3 Dodging
 + Level 0.3 Stealth
 + Level 6.8 Shields


You had 7 spell levels left.
You didn't know any spells.

Dungeon Overview and Level Annotations

Branches:
Dungeon (6/15)             Temple (1/1) D:5

Altars:
Ashenzari
Cheibriados
Dithmenos
Elyvilon
Fedhas
Gozag
Kikubaaqudgha
Makhleb
Nemelex Xobeh
Okawaru
Qazlal
Ru
Trog
Vehumet
Xom
Yredelemnul
Zin
The Shining One


Innate Abilities, Weirdness & Mutations

You reflexively headbutt those who attack you in melee.
You have a pair of horns on your head.


Message History

You hit the orc wizard but do no damage.
The orc wizard is heavily wounded.
You block the orc wizard's attack. x2
You block the orc's attack. The orc wizard hits you with a dagger.
* * * LOW HITPOINT WARNING * * *
The orc barely misses you.
Drink which item? (? for menu, Esc to quit)
You can't drink that!
Drink which item? (? for menu, Esc to quit)
You feel better. The orc wizard hits you with a dagger.
* * * LOW HITPOINT WARNING * * *
You block the orc wizard's attack. The orc closely misses you.
The orc wizard casts a spell at you. The puff of frost hits you!
* * * LOW HITPOINT WARNING * * *
Drink which item? (? for menu, Esc to quit)
You feel very mighty all of a sudden.
The orc wizard is no longer moving quickly.
The orc wizard hits you with a dagger.
You die...

###+###
#.....#
#.....#
#.....+
##o######+#
#o@†$......
#).........
#..........
#..........
#..........
.
#..........
...
#..........
...
#..........
..
#..........
.


You could see an orc wizard and an orc.

Vanquished Creatures
  Pikel (D:4)
  An orc warrior (D:4)
  A slave (D:4)
  An ogre (D:4)
  A big kobold (D:5)
  A water moccasin zombie (D:5)
  2 crimson imps (D:5)
  An orc priest (D:5)
  2 worker ants (D:4)
  4 orc wizards
  Robin (D:3)
  6 adders
  A giant mite (D:1)
  A worm (D:2)
  7 giant geckos
  An ooze (D:4)
  19 orcs
  9 bats
  22 goblins
  17 hobgoblins
  2 jackals (D:5)
  2 quokkas (D:4)
  A ball python (D:3)
  8 giant cockroaches
  A giant gecko skeleton (D:4)
  3 giant newts
  24 kobolds
  A quokka skeleton (D:4)
  9 rats
  16 plants (D:5)
166 creatures vanquished.

Vanquished Creatures (others)
  An orc priest (D:6)
  An adder (D:4)
  A kobold (D:5)
  A butterfly (D:4)
4 creatures vanquished.

Grand Total: 170 creatures vanquished

Notes
Turn   | Place    | Note
--------------------------------------------------------------
     0 | D:1      | xXeoN, the Minotaur Fighter, began the quest for the Orb.
     0 | D:1      | Reached XP level 1. HP: 19/19 MP: 1/1
   220 | D:1      | Reached skill level 4 in Shields
   220 | D:1      | Reached XP level 2. HP: 22/27 MP: 1/1
   441 | D:1      | Reached XP level 3. HP: 33/33 MP: 2/2
  1125 | D:2      | Reached XP level 4. HP: 31/40 MP: 2/2
  1658 | D:3      | Noticed Robin
  1676 | D:3      | Killed Robin
  1679 | D:3      | Reached skill level 1 in Dodging
  1690 | D:3      | Reached XP level 5. HP: 33/47 MP: 2/2
  2486 | D:4      | Noticed an ogre
  2509 | D:4      | Killed an ogre
  2509 | D:4      | Reached skill level 5 in Fighting
  2509 | D:4      | Reached skill level 1 in Slings
  2509 | D:4      | Reached skill level 5 in Shields
  2509 | D:4      | Reached XP level 6. HP: 18/56 MP: 3/3
  2543 | D:4      | Reached skill level 5 in Armour
  2814 | D:4      | Noticed an orc warrior
  2824 | D:4      | Killed an orc warrior
  2883 | D:4      | Noticed Pikel
  2883 | D:4      | Noticed a slave
  2884 | D:4      | Noticed a slave
  2884 | D:4      | Noticed a slave
  2885 | D:4      | Noticed a slave
  2898 | D:4      | Killed Pikel
  2898 | D:4      | Reached skill level 5 in Polearms
  2898 | D:4      | Reached skill level 6 in Armour
  2898 | D:4      | Reached XP level 7. HP: 60/62 MP: 3/3
  2945 | D:4      | Killed a freed slave
  3734 | D:5      | Entered Level 5 of the Dungeon
  3753 | D:5      | Reached XP level 8. HP: 70/70 MP: 3/3
  4102 | D:5      | Found a staircase to the Ecumenical Temple.
  4136 | Temple   | Entered the Ecumenical Temple
  4830 | D:5      | Got a faintly glowing leather armour
  4841 | D:5      | Identified the cursed -3 leather armour of the Three Lies {rElec rN+ MR+ Str+4 Int-5} (You found it on level 5 of the Dungeon)
  4841 | D:5      | Lost intelligence.
  5537 | D:6      | HP: 1/70 [orc wizard/dagger (5)]
  5539 | D:6      | Slain by an orc wizard

Action                   |  1- 3 |  4- 6 |  7- 9 || total
-------------------------+-------+-------+-------++-------
Melee: Trident           |    95 |   167 |   351 ||   613
Throw: Tomahawk          |     3 |       |       ||     3
Evoke: Wand              |       |       |     1 ||     1
  Use: Potion            |     1 |     6 |     3 ||    10
       Scroll            |     8 |     1 |     1 ||    10
  Eat: Bread ration      |     1 |       |     2 ||     3
       Royal jelly       |     1 |       |       ||     1
       Beef jerky        |       |       |     2 ||     2
       Meat ration       |       |       |     1 ||     1
